 Dungeon Crawl Stone Soup version 0.27-a0-1528-g90fbb72469 (webtiles) character file.

Game seed: 6306471076074427016

1698 2tc the Transmogrifier (level 8, -7/59 HPs)
             Began as a Green Draconian Transmuter on July 11, 2021.
             Was a Priest of Wu Jian.
             Mangled by a wyvern skeleton (9 damage)
             ... on level 6 of the Dungeon.
             The game lasted 00:16:34 (6730 turns).

2tc the Transmogrifier (Green Draconian Transmuter) Turns: 6730, Time: 00:16:35

Health: -7/59      AC:  6    Str: 14    XL:     8   Next: 72%
Magic:  9/11       EV: 12    Int: 14    God:    Wu Jian [***...]
Gold:   134        SH:  0    Dex: 12    Spells: 4/11 levels left

rFire    . . .     SeeInvis .     - Unarmed
rCold    . . .     Faith    .   (no shield)
rNeg     . . .     Spirit   .   (armour unavailable)
rPois    +         Reflect  .   (helmet currently unavailable)
rElec    .         Harm     .   (no cloak)
rCorr    .         Rampage  .   (no gloves)
Will     +....                  (boots currently unavailable)
Stlth    +.........             (no amulet)
HPRegen  0.19/turn              i - ring of willpower
MPRegen  0.12/turn              t - ring of flight

@: short of breath, appendages, wereblooded, flying
A: horns 2, talons 2, breathe noxious fumes, AC +6, unfitting armour, poison
resistance, cold-blooded
a: Breathe Noxious Fumes, End Transformation, Renounce Religion, Wall Jump,
Serpent's Lash


You were on level 6 of the Dungeon.
You worshipped Wu Jian.
Wu Jian was most pleased with you.
You had temporarily grown beastly horns and talons.
You visited 1 branch of the dungeon, and saw 6 of its levels.

You collected 244 gold pieces.
You spent 110 gold pieces at shops.

Inventory:

Hand Weapons
 s - the +8 dagger of Distraction {vorpal, rElec}
   (You found it on level 4 of the Dungeon)

   It inflicts extra damage upon your enemies.
   rElec:     It insulates you from electricity.
Missiles
 o - 3 curare-tipped darts
Armour
 b - a +1 buckler
Jewellery
 i - a ring of willpower (left hand)
 t - a ring of flight (right hand)
Wands
 j - a wand of iceblast (6)
Scrolls
 c - 2 scrolls of amnesia
 k - 2 scrolls of fog
 m - 3 scrolls of blinking
 p - 2 scrolls of teleportation
 q - a scroll of summoning
Potions
 a - 3 potions of curing
 d - 3 potions of heal wounds
 e - a potion of degeneration
 g - a potion of attraction
 h - a potion of resistance
 l - a potion of cancellation
 n - a potion of mutation
 r - a potion of flight {unknown}


   Skills:
 - Level 1.1 Fighting
 - Level 1.7 Dodging
 - Level 7.5 Unarmed Combat
 - Level 2.0 Spellcasting
 + Level 8.5 Transmutations
 - Level 3.0 Ice Magic


You had 4 spell levels left.
You knew the following spells:

 Your Spells              Type           Power      Damage    Failure   Level
a - Beastly Appendage     Tmut           50%        N/A       1%          1
b - Wereblood             Tmut           25%        N/A       1%          2
c - Ice Form              Ice/Tmut       17%        N/A       22%         4

Your spell library contained the following spells:

 Spells                   Type           Power      Damage    Failure   Level
 Spider Form              Tmut/Pois      6%         N/A       12%         3


Dungeon Overview and Level Annotations

Branches:
Dungeon (6/15)
 Temple: D:4-7

Altars:
Ashenzari
Kikubaaqudgha
Wu Jian

Shops:
D:1 *   D:4 ?   D:5 *


Innate Abilities, Weirdness & Mutations

You have temporarily grown beastly horns and talons.
You can breathe blasts of noxious fumes.
Your lurid green scales are hard. (AC +6)
You cannot fit into any form of body armour.
Your system is resistant to poisons. (rPois)
You are cold-blooded and may be slowed by cold attacks.


Message History

The steam dragon bites you but does no damage.
The steam dragon claws you but does no damage.
You hit the steam dragon but do no damage.
Your kick misses the steam dragon.
The steam dragon is moderately wounded.
You punch the steam dragon!
The steam dragon is heavily wounded.
The steam dragon breathes steam at you. The ball of steam misses you.
You barely miss the steam dragon. Your kick misses the steam dragon.
You tail-slap the steam dragon.
The steam dragon is severely wounded.
You are engulfed in a cloud of scalding steam.
The steam dragon bites you. The steam dragon completely misses you.
You closely miss the steam dragon. Your kick misses the steam dragon.
The steam dragon is severely wounded.
You are engulfed in a cloud of scalding steam.
The wyvern skeleton is engulfed in a cloud of scalding steam.
The steam dragon bites you.
The steam dragon claws you but does no damage.
You hit the steam dragon but do no damage.
Your headbutt misses the steam dragon.
The steam dragon is severely wounded.
The steam dragon breathes steam at you. The ball of steam hits you!!
* * * LOW HITPOINT WARNING * * *
Press: ? - help, Shift-Dir - straight line, f - steam dragon
Aim: a steam dragon (severely wounded, catching its breath)
You exhale a blast of noxious fumes.
The blast of choking fumes misses the steam dragon.
You are engulfed in a cloud of scalding steam.
* * * LOW HITPOINT WARNING * * *
The steam dragon is engulfed in noxious fumes.
The steam dragon appears confused.
You barely miss the steam dragon. Your kick misses the steam dragon.
The steam dragon is severely wounded.
You are engulfed in a cloud of scalding steam.
* * * LOW HITPOINT WARNING * * *
The wyvern skeleton bites you!
You die...

##### #...#
#@#.#
......ZD#.#
#########.#
#.# #.# #.#
#.# #<# ###


You could see a steam dragon (confused, catching breath) and a wyvern skeleton.

Vanquished Creatures
  Sigmund (D:3)
  Eustachio (D:4)
  A water moccasin (D:5)
  A black bear (D:4)
  2 necrophages (D:5)
  2 centaurs (D:5)
  2 scorpions (D:5)
  A water moccasin zombie (D:5)
  A water moccasin skeleton (D:5)
  A howler monkey (D:4)
  A hound (D:5)
  A bullfrog skeleton (D:6)
  3 orc priests
  2 centaur skeletons
  4 orc wizards
  Ijyb (D:3)
  A hound zombie (D:5)
  A hound skeleton (D:5)
  A gnoll (D:1)
  9 adders
  A river rat (D:5)
  3 ufetubi
  A dart slug (D:5)
  19 orcs
  2 ball pythons (D:1)
  11 endoplasms
  3 giant cockroaches
  9 goblins
  9 hobgoblins
  10 jackals
  7 kobolds
  A quokka (D:1)
  9 bats
  9 frilled lizards
  10 rats
141 creatures vanquished.

Notes
Turn   | Place    | Note
-------+----------+-------------------------------------------
     0 | D:1      | 2tc the Draconian Transmuter began the quest for the Orb.
     0 | D:1      | Reached XP level 1. HP: 16/16 MP: 3/3
     8 | D:1      | Found Gyblag's Assorted Antiques.
   119 | D:1      | Reached XP level 2. HP: 12/23 MP: 3/5
   126 | D:1      | Learned a level 2 spell: Wereblood
   625 | D:1      | Reached XP level 3. HP: 28/28 MP: 2/6
   798 | D:1      | Found a faded altar of an unknown god.
   804 | D:1      | Became a worshipper of the Wu Jian Council
   804 | D:1      | Reached * piety under Wu Jian
  1421 | D:2      | Reached XP level 4. HP: 30/35 MP: 5/7
  1491 | D:2      | Reached skill level 5 in Unarmed Combat
  1910 | D:2      | Learned a level 4 spell: Ice Form
  2317 | D:3      | Noticed Ijyb
  2334 | D:3      | Killed Ijyb
  2461 | D:3      | Reached XP level 5. HP: 40/40 MP: 4/8
  2463 | D:3      | Reached ** piety under Wu Jian
  2543 | D:3      | Found an ancient bone altar of Kikubaaqudgha.
  2595 | D:3      | Found a broken altar of Ashenzari.
  2734 | D:3      | Noticed Sigmund
  2750 | D:3      | Killed Sigmund
  2751 | D:3      | Reached XP level 6. HP: 40/47 MP: 9/9
  3250 | D:4      | Reached skill level 1 in Ice Magic
  3329 | D:4      | Your scales start taking on a lurid green colour.
  3329 | D:4      | Reached XP level 7. HP: 43/52 MP: 10/10
  3329 | D:4      | Gained mutation: Your system is resistant to poisons.
                  | (rPois) [Green Draconian growth]
  3679 | D:4      | Identified the +8 dagger of Distraction {vorpal, rElec}
  3706 | D:4      | Found Apradi's Magic Scroll Boutique.
  3710 | D:4      | Bought a scroll of identify for 22 gold pieces
  3710 | D:4      | Bought a scroll of identify for 22 gold pieces
  3710 | D:4      | Bought a scroll of identify for 22 gold pieces
  3710 | D:4      | Bought a scroll of identify for 22 gold pieces
  3717 | D:4      | Bought a scroll of identify for 22 gold pieces
  3763 | D:4      | Reached skill level 3 in Transmutations
  3816 | D:4      | Noticed Eustachio
  3833 | D:4      | Killed Eustachio
  3834 | D:4      | Reached skill level 4 in Transmutations
  3862 | D:4      | Reached *** piety under Wu Jian
  4307 | D:5      | Entered Level 5 of the Dungeon
  4372 | D:5      | Reached skill level 5 in Transmutations
  4470 | D:5      | Reached XP level 8. HP: 23/59 MP: 9/11
  4708 | D:5      | Found Fupo's Assorted Antiques.
  4724 | D:5      | Reached skill level 6 in Transmutations
  5154 | D:5      | Reached skill level 7 in Transmutations
  5722 | D:5      | Reached skill level 8 in Transmutations
  6730 | D:6      | HP: 2/59 [steam dragon] (5)]
  6730 | D:6      | Mangled by a wyvern skeleton

Illustrated notes

Levels and vault maps discovered:
D:1:      amcnicky_arrival_underground_garden, layout_loops_ring, serial_shops,
          shop, shapermc_ecumenical_altar_mp_urbaneastern, minmay_vboxes
D:2:      layout_loops_ring
D:3:      layout_basic, mainiacjoe_overflow_surrounded_room,
          mainiacjoe_overflow_24_doors, uniq_sigmund, uniq_ijyb
D:4:      layout_gridville, serial_shops, shop, grunt_ministairs_13,
          minmay_misc_feat_chi, uniq_eustachio
D:5:      layout_layer_cave, lightli_sewer_entry_pipes, serial_shops,
          nicolae_shop_temple_entry_statues_fountains
D:6:      layout_basic, nicolae_uskayaw_en_pointe, mainiacjoe_overflow_alcove_1,
          minmay_temple_entry_waves

Skill      XL: |  1  2  3  4  5  6  7  8 |
---------------+-------------------------+-----
Unarmed Combat | 4 5 7 |  7.5
Ice Magic      | 2 3 |  3.0
Transmutations | 5 8 |  8.5
Fighting       | |  1.1
Dodging        | |  1.7
Spellcasting   | |  2.0

Action                   |  1- 3 |  4- 6 |  7- 9 || total
-------------------------+-------+-------+-------++-------
Melee: Unarmed           |   106 |    98 |   297 ||   501
       Kick              |    14 |    15 |    19 ||    48
       Headbutt          |     7 |     8 |    18 ||    33
       Tailslap          |    10 |     3 |    29 ||    42
       Punch             |     3 |     2 |     8 ||    13
 Cast: Beastly Appendage |    19 |    16 |    15 ||    50
       Wereblood         |     1 |     1 |     4 ||     6
Invok: Lunge             |     5 |    13 |    22 ||    40
       Whirlwind         |       |       |     4 ||     4
 Abil: Breathe Noxious F |       |       |     2 ||     2
Evoke: Wand              |       |     4 |     3 ||     7
  Use: Scroll            |     5 |     3 |    10 ||    18
       Potion            |       |     1 |     1 ||     2
 Stab: Sleeping          |     1 |     1 |     2 ||     4
       Paralysed         |       |    15 |     5 ||    20
       Confused          |       |       |     1 ||     1
Armor: Skin              |    42 |    32 |   104 ||   178
Dodge: Dodged            |    74 |    36 |   178 ||   288

Table legend: (Time is in decaauts)
 A = Elapsed time spent in this place.
 B = Non-inter-level travel time spent in this place.
 C = Inter-level travel time spent in this place.
 D = Time resting spent in this place.
 E = Time spent auto-exploring this place.
 F = Levels seen in this place.
 G = Mean time per level.
                   A        B        C        D        E       F      G
               +--------+--------+--------+--------+--------+-----+--------+
         Total |   6679 |   6470 |    209 |     27 |   5381 |   6 | 1113.2 |
       Dungeon |   6679 |   6470 |    209 |     27 |   5381 |   6 | 1113.2 |
               +--------+--------+--------+--------+--------+-----+--------+

Top non-repeatable levels by time:
     D:5: 2087 daAuts
     D:1: 1301 daAuts
     D:4: 1291 daAuts
     D:3: 974 daAuts
     D:2: 881 daAuts
     D:6: 143 daAuts
